 Dungeon Crawl Stone Soup version 0.25-a0-713-g4845790874 (webtiles) character file.

Game seed: 9675096480124594622, levelgen mode: deterministic

42 Anathary the Sneak (level 3, -1/18 HPs)
             Began as a Spriggan Assassin on Apr 4, 2020.
             Slain by a gnoll
             ... wielding a +0 spear
              (5 damage)
             ... on level 2 of the Dungeon.
             The game lasted 00:04:24 (879 turns).

Anathary the Sneak (Spriggan Assassin)               Turns: 879, Time: 00:04:25

Health: -1/18      AC:  3    Str:  7    XL:     3   Next: 33%
Magic:  4/4        EV: 17    Int: 12    God:
Gold:   37         SH:  0    Dex: 18    Spells: 2/2 levels left

rFire    . . .     SeeInvis +   a - +2 dagger
rCold    . . .     Gourm    .   (shield restricted)
rNeg     . . .     Faith    .   b - +0 robe
rPois    .         Spirit   .   (helmet restricted)
rElec    .         Reflect  .   l - +0 cloak
rCorr    .         Harm     .   (gloves unavailable)
MR       .....                  (boots unavailable)
Stlth    ++++......             (no amulet)
HPRegen  0.06/turn              (no ring)
MPRegen  0.09/turn              (no ring)

@: very quick
A: very small, unfitting armour, see invisible, herbivore, speed 3, slow
metabolism 2
a: no special abilities


You were on level 2 of the Dungeon.
You were not hungry.

You visited 1 branch of the dungeon, and saw 2 of its levels.

You collected 37 gold pieces.

Inventory:

Hand Weapons
 a - a +2 dagger (weapon)
Missiles
 d - 8 poisoned darts (quivered)
 e - 2 curare-tipped darts
Armour
 b - a +0 robe (worn)
 c - a +0 cloak
 l - a +0 cloak (worn)
Scrolls
 h - 2 scrolls of magic mapping {unknown}
 i - a scroll of remove curse {unknown}
 j - 3 scrolls of identify {unknown}
 k - a scroll of enchant armour {unknown}
 p - a scroll of fear {unknown}
Potions
 g - 2 potions of curing {unknown}
 m - a potion of cancellation {unknown}
 n - a potion of heal wounds
 o - a potion of invisibility {unknown}
 q - 2 potions of resistance {unknown}
Comestibles
 f - 4 rations


   Skills:
 - Level 1.5 Fighting
 + Level 2.5 Short Blades
 - Level 2.0 Throwing
 + Level 1.9 Dodging
 + Level 7.5 Stealth


You had 2 spell levels left.
You didn't know any spells.
Your spell library was empty.

Dungeon Overview and Level Annotations

Branches:
Dungeon (2/15)

Altars:


Innate Abilities, Weirdness & Mutations

You are very small and have problems with some larger weapons.
You are too small for most types of armour.
You have supernaturally acute eyesight. (SInv)
You are a herbivore.
You cover ground extremely quickly.
You need to consume almost no food.


Message History

The gnoll hits you with a +0 whip.
You barely miss the gnoll.
The gnoll is lightly wounded.
The gnoll misses you. The gnoll completely misses you.
You closely miss the gnoll.
The gnoll is lightly wounded.
The gnoll hits you with a +0 whip.
The gnoll hits you from afar with a +0 spear.
The gnoll hits you with a +0 whip. The gnoll completely misses you.
You hit the gnoll.
The gnoll is moderately wounded.
The gnoll misses you. x2
You hit the gnoll.
The gnoll is moderately wounded.
You hit the gnoll.
The gnoll is moderately wounded.
The gnoll hits you with a +0 whip.
* * * LOW HITPOINT WARNING * * *
The gnoll hits you with a +0 spear.
You die...

# ###+#######
#.........#
#.........#
######.........####.#
#..............#...
####........####.g.#
...'..........).@g?#
####........##....)#
#........##.##.##
####........##.##.#
...#.....#.........
...#.....#.###.###..
...(...........# ...
................ ....
.......(..##### #.###


You could see 2 gnolls.

Vanquished Creatures
  2 gnolls (D:2)
  A leopard gecko (D:2)
  A bat (D:1)
  A giant cockroach (D:1)
  2 goblins (D:1)
  A hobgoblin (D:1)
  3 jackals (D:1)
  4 kobolds
  A frilled lizard (D:1)
  6 rats
22 creatures vanquished.

Notes
Turn   | Place    | Note
-------+----------+-------------------------------------------
     0 | D:1      | Anathary the Spriggan Assassin began the quest for the Orb.
     0 | D:1      | Reached XP level 1. HP: 10/10 MP: 2/2
    20 | D:1      | Reached skill level 6 in Stealth
   172 | D:1      | Reached XP level 2. HP: 13/14 MP: 3/3
   780 | D:2      | Reached skill level 7 in Stealth
   866 | D:2      | Reached XP level 3. HP: 18/18 MP: 4/4
   879 | D:2      | Slain by a gnoll

Levels and vault maps discovered:
D:1:      nzn_arrival_crosshair, layout_basic
D:2:      layout_basic, nicolae_overflow_crystal_walls, kiku_gazebo_pond_becter,
          first_ration

Skill      XL: |  1  2 |
---------------+-------+-----
Stealth        | 6 7 |  7.5
Fighting       | |  1.5
Short Blades   | |  2.5
Throwing       | |  2.0
Dodging        | |  1.9

Action                   || total
-------------------------++-------
Melee: Dagger            ||    87
 Stab: Sleeping          ||     3
       Distracted        ||     1
Armor: Robe              ||    13
Dodge: Dodged            ||    67

Table legend:
 A = Non-vault XP
 B = Vault XP
 C = Vault XP percentage of total XP
 D = Non-vault monster count
 E = Vault monster count
 F = Vault count percentage of total count
                 A         B        C        D         E       F
            +---------+---------+-------+---------+---------+-------
      Total |      60 |       0 |   0.0 |      22 |       0 |   0.0
            +---------+---------+-------+---------+---------+-------
        D:1 |      25 |       0 |   0.0 |      16 |       0 |   0.0
        D:2 |      35 |       0 |   0.0 |       6 |       0 |   0.0
            +---------+---------+-------+---------+---------+-------
